 Dungeon Crawl Stone Soup version 0.21-a0-193-g085b6a0 (webtiles) character file.

29 4thArraOfDagon the Chopper (level 3, -2/27 HPs)
             Began as a Hill Orc Warper on Aug 14, 2017.
             Was an Initiate of Hepliaklqana.
             Slain by a worker ant (4 damage)
             ... on level 4 of the Dungeon.
             The game lasted 00:02:14 (935 turns).

4thArraOfDagon the Chopper (Hill Orc Warper)         Turns: 935, Time: 00:02:15

Health: -2/27      AC:  8    Str: 13    XL:     3   Next: 16%
Magic:  5/5        EV:  6    Int: 14    God:    Hepliaklqana [......]
Gold:   80         SH:  0    Dex: 10    Spells: 5/5 levels left

rFire    . . .     SeeInvis .   i - +1 mace (venom)
rCold    . . .     Gourm    .   (no shield)
rNeg     . . .     Faith    .   l - +0 chain mail
rPois    .         Spirit   .   (no helmet)
rElec    .         Reflect  .   (no cloak)
rCorr    .         Harm     .   (no gloves)
MR       .....                  (no boots)
Stlth    ..........             (no amulet)
HPRegen  0.09/turn              (no ring)
MPRegen  0.09/turn              (no ring)

@: hasted, very quick
A: reduced essence
a: Recall Ancestor, Ancestor Identity, Renounce Religion


You were on level 4 of the Dungeon.
You worshipped Hepliaklqana.
Hepliaklqana was noncommittal.
You were not hungry.

You visited 2 branches of the dungeon, and saw 5 of its levels.

You collected 80 gold pieces.

Inventory:

Hand Weapons
 a - a +0 hand axe
 i - a +1 mace of venom (weapon)
Missiles
 e - 5 tomahawks of dispersal (quivered)
Armour
 b - a +0 leather armour
 j - a +0 ring mail
 l - a +0 chain mail (worn)
Scrolls
 d - a scroll of blinking
 g - a scroll of teleportation {unknown}
 h - a scroll of noise {unknown}
Potions
 k - a potion of haste
Books
 c - a book of Spatial Translocations

   Spells                             Type                      Level
   a - Blink                          Translocation                2
   b - Shroud of Golubria             Charms/Translocation         2
   c - Lesser Beckoning               Translocation                3
   d - Gell's Gravitas                Translocation                3
   e - Teleport Other                 Translocation                3
   f - Passage of Golubria            Translocation                4
Comestibles
 f - a bread ration


   Skills:
 - Level 2.4 Fighting
 * Level 4.1 Axes
 - Level 0.8 Throwing
 - Level 1.1 Armour
 + Level 2.0 Dodging
 - Level 1.5 Spellcasting
   Level 2.4 Translocations


You had 5 spell levels left.
You didn't know any spells.

Dungeon Overview and Level Annotations

Branches:
Dungeon (4/15)             Temple (1/1) D:4

Altars:
Dithmenos
Hepliaklqana


Message History

The centaur hits you.
* * * LOW HITPOINT WARNING * * *
Unknown command.
The centaur wields an uncursed shortbow.
The centaur shoots an arrow.
The arrow hits you.
* * * LOW HITPOINT WARNING * * *
The worker ant completely misses you.
You see here an arrow.
Unknown command.
Unknown command.
The centaur unwields an uncursed shortbow.
The centaur closely misses something.
Unknown command.
It was a potion of haste.
You feel yourself speed up.
The worker ant bites you but does no damage.
There is a staircase to the Ecumenical Temple here.
Unknown command.
You can't go up here!
The worker ant bites you.
You die...

#####.. #.. ##
#.....####+###.. # .
..###.......#...##..
#...
...##.....#...###'
.#..###..#....'.......
..#...#..#...#.......
#.###.#.#...##..##..
#...#.#.#.#######..
#.@.#.#$#.. ###
#..a#.#.#...
#.###c#.#.....
..#.(.#(.#.#+##.
.#..###..#....# ....
#...##.....# .#....###
..#..+ ### .## .# .. #


You could see a centaur and a worker ant.

Vanquished Creatures
  An ooze (D:2)
  5 orcs
  A ball python (D:2)
  A bat (D:3)
  2 giant cockroaches
  2 goblins
  A hobgoblin (D:2)
  2 kobolds
  3 rats
18 creatures vanquished.

Notes
Turn   | Place    | Note
-------+----------+-------------------------------------------
     0 | D:1      | 4thArraOfDagon the Hill Orc Warper began the quest for the Orb.
     0 | D:1      | Reached XP level 1. HP: 18/18 MP: 3/3
    50 | D:1      | Reached skill level 3 in Axes
   160 | D:2      | Reached XP level 2. HP: 16/25 MP: 4/4
   514 | D:3      | Reached skill level 4 in Axes
   597 | D:4      | Reached XP level 3. HP: 22/30 MP: 5/5
   828 | D:4      | Found a shadowy altar of Dithmenos.
   861 | D:4      | Found a staircase to the Ecumenical Temple.
   880 | Temple   | Entered the Ecumenical Temple
   902 | Temple   | Became a worshipper of Hepliaklqana the Forgotten
   920 | D:4      | Noticed a centaur
   931 | D:4      | HP: 1/27 [centaur/arrow (5)]
   935 | D:4      | Slain by a worker ant

Vault maps used:
D:1:      eino_arrival_cavern_c, hangedman_decor_growths
D:2:      uniq_crazy_yiuf_cottage
D:3:      first_bread
D:4:      grunt_dithmenos_smoke_and_mirrors, minmay_temple_entry_steel_oval
Temple:   minmay_temple_curvy_branch

Skill      XL: |  1  2 |
---------------+-------+-----
Axes           | 3 4 |  4.1
Dodging        | 2 |  2.0
Fighting       | |  2.4
Throwing       | |  0.8
Armour         | |  1.1
Spellcasting   | |  1.5
Translocations | |  2.4

Action                   || total
-------------------------++-------
Melee: Hand axe          ||    72
       Mace              ||     9
  Use: Potion            ||     1
Armor: Leather armour    ||    20
       Chain mail        ||    10
Dodge: Dodged            ||    53
